 Seeded DCSS version 0.28-a0-1594-ga885d4b3d6 (webtiles) character file.

Game seed: 11 (custom seed)

123535 knot the Severer (level 16, 0/83 HPs)
             Began as a Demonspawn Berserker on Jan 20, 2022.
             Was an Elder of Trog.
             Hit by a large rock thrown by Polyphemus (27 damage)
             ... on level 2 of the Shoals.
             The game lasted 01:11:20 (45813 turns).

knot the Severer (Demonspawn Berserker)            Turns: 45813, Time: 01:11:21

Health: 0/83       AC: 27    Str: 26    XL:     16   Next: 37%
Magic:  0/14       EV:  8    Int: 14    God:    Trog [****..]
Gold:   2721       SH:  0    Dex: 15    Spells: 15/15 levels left

rFire   + . .      SeeInvis .   p - +5 battleaxe (vamp)
rCold   + . .      Faith    +   (shield currently unavailable)
rNeg    . . .      Spirit   +   b - +0 crystal plate armour
rPois   +          Reflect  .   T - +1 hat {Will+}
rElec   .          Harm     .   z - scarf {rC+ rF+}
rCorr   .          Rampage  .   I - +0 pair of gloves of the Lost Path {rPois Dex+2 Slay+3}
Will    ++...                   G - +0 pair of boots "Riemin" {+Inv rPois}
Stlth   ..........              V - amulet of faith
HPRegen 0.23/turn               H - +6 ring of strength
MPRegen 0.28/turn               y - ring of the Prince of Darkness {Fly Stlth+}

@: flying
A: powered by death 2, magic shield, magic regeneration, sturdy frame 2,
weakness stinger 2, antennae 1, frail 2, low mp 1, MP-powered wands
a: Renounce Religion, Evoke Invisibility, Berserk, Trog's Hand, Brothers in Arms


You were on level 2 of the Shoals.
You worshipped Trog.
Trog was greatly pleased with you.
You visited 5 branches of the dungeon, and saw 26 of its levels.
You also visited: Sewer and Ice Cave.

You collected 2721 gold pieces.

Inventory:

Hand Weapons
 g - a +1 battleaxe of flaming
 p - a +5 vampiric battleaxe (weapon)
 x - the +7 spear "Uhapass" {vorpal, Int+4}
   (You found it on level 10 of the Dungeon)

   It inflicts extra damage upon your enemies.
   Int:       It affects your intelligence (+4).
 X - a +4 battleaxe of freezing
Missiles
 i - 19 boomerangs (quivered)
 q - 2 atropa-tipped darts
 K - 27 poisoned darts
 M - 3 throwing nets
 P - 2 curare-tipped darts
 S - 11 javelins
Armour
 b - a +0 crystal plate armour (worn)
 z - a scarf of resistance (worn)
 G - the +0 pair of boots "Riemin" (worn) {+Inv rPois}
   (You found it on level 7 of the Dungeon)

   rPois:     It protects you from poison.
   +Inv:      It lets you turn invisible.
 I - the +0 pair of gloves of the Lost Path (worn) {rPois Dex+2 Slay+3}
   (You found it on level 10 of the Dungeon)

   Dex:       It affects your dexterity (+2).
   Slay:      It affects your accuracy & damage with ranged weapons and melee
   (+3).
   rPois:     It protects you from poison.
 T - a +1 hat of willpower (worn)
Jewellery
 f - a ring of see invisible
 y - the ring of the Prince of Darkness (right hand) {Fly Stlth+}
   (You found it in an ice cave)

   [ring of flight]

   Fly:       It grants you flight.
   Stlth:     It makes you more stealthy.
 H - a +6 ring of strength (left hand)
 L - a ring of resist corrosion
 Q - a ring of protection from cold
 V - an amulet of faith (around neck)
Wands
 a - a wand of digging (1)
 w - a wand of flame (10)
 A - a wand of mindburst (11)
 J - a wand of acid (18)
 W - a wand of polymorph (4)
Scrolls
 j - 15 scrolls of identify
 l - 5 scrolls of teleportation
 m - 5 scrolls of fog
 t - 5 scrolls of fear
 D - 6 scrolls of immolation
 E - 8 scrolls of blinking
 F - a scroll of magic mapping
 N - 2 scrolls of vulnerability
 O - 2 scrolls of brand weapon
Potions
 c - 5 potions of brilliance
 d - 2 potions of might
 e - a potion of attraction
 h - 3 potions of lignification
 k - a potion of curing
 n - 3 potions of magic
 o - 2 potions of resistance
 r - 2 potions of cancellation
 s - 4 potions of berserk rage
 u - 5 potions of flight
 v - a potion of invisibility
 B - 4 potions of haste
 C - 2 potions of ambrosia
 U - 3 potions of heal wounds
Miscellaneous
 Y - a phantom mirror
 Z - a condenser vane


   Skills:
 - Level 3.0 Fighting
 * Level 19.8 Axes
 - Level 15.9 Throwing
 * Level 14.3 Armour
 - Level 1.7 Dodging


You had 15 spell levels left.
You didn't know any spells.
Your spell library contained the following spells:

 Spells                   Type           Power      Damage    Failure   Level
 Foxfire                  Conj/Fire      0%         2x1d4     95%         1
 Pain                     Necr           0%         1d4       95%         1
 Summon Small Mammal      Summ           0%         N/A       95%         1
 Blink                    Tloc           0%         N/A       98%         2
 Sublimation of Blood     Necr           0%         N/A       98%         2
 Call Canine Familiar     Summ           0%         N/A       100%        3
 Conjure Flame            Conj/Fire      0%         6-21      100%        3
 Frozen Ramparts          Ice            0%         1d2       100%        3
 Gell's Gravitas          Tloc           0%         N/A       100%        3
 Inner Flame              Hex/Fire       0%         N/A       100%        3
 Portal Projectile        Hex/Tloc       0%         N/A       100%        3
 Stone Arrow              Conj/Erth      0%         3d7       100%        3
 Summon Guardian Golem    Hex/Summ       0%         N/A       100%        3
 Teleport Other           Tloc           0%         N/A       100%        3
 Animate Armour           Summ/Erth      0%         N/A       100%        4
 Cause Fear               Hex            0%         N/A       100%        4
 Flame Wave               Conj/Fire      0%         2d4       100%        4
 Ice Form                 Ice/Tmut       0%         N/A       100%        4
 Petrify                  Tmut/Erth      0%         N/A       100%        4
 Summon Ice Beast         Ice/Summ       0%         N/A       100%        4
 Agony                    Necr           0%         N/A       100%        5
 Alistair's Intoxication  Tmut/Pois      0%         N/A       100%        5
 Blade Hands              Tmut           0%         N/A       100%        5
 Borgnjor's Vile Clutch   Necr/Erth      0%         N/A       100%        5
 Excruciating Wounds      Necr           0%         N/A       100%        5
 Fireball                 Conj/Fire      0%         3d3       100%        5
 Freezing Cloud           Conj/Ice/Air   0%         6-21      100%        5
 Irradiate                Conj/Tmut      0%         3d14      100%        5
 Iskenderun's Battlesphe  Conj           0%         2d6       100%        5
 Manifold Assault         Tloc           0%         N/A       100%        5
 Metabolic Englaciation   Hex/Ice        0%         N/A       100%        5
 Summon Forest            Summ/Tloc      0%         N/A       100%        5
 Conjure Ball Lightning   Conj/Air       0%         3x3d6     100%        6
 Dispersal                Tloc           0%         N/A       100%        6
 Eringya's Noxious Bog    Tmut/Pois      0%         N/A       100%        6
 Simulacrum               Ice/Necr       0%         N/A       100%        6
 Dragon Form              Tmut           0%         N/A       100%        7
 Orb of Destruction       Conj           0%         9d5       100%        7
 Storm Form               Tmut/Air       0%         N/A       100%        7
 Summon Hydra             Summ           0%         N/A       100%        7
 Lehudib's Crystal Spear  Conj/Erth      0%         10d2      100%        8
 Dragon's Call            Summ           0%         N/A       100%        9
 Polar Vortex             Ice            0%         N/A       100%        9


Dungeon Overview and Level Annotations

Branches:
Dungeon (15/15)            Temple (1/1) D:7            Lair (6/6) D:11
 Shoals (2/4) Lair:3       Spider (0/4) Lair:3        Slime (0/5) Lair:5
    Orc (2/2) D:9             Elf (0/3) Orc:2        Vaults (0/5) D:13
 Depths (0/4) D:15          Sewer (visited)           IceCv (visited)

Altars:
Ashenzari
Cheibriados
Dithmenos
Elyvilon
Fedhas
Gozag
Hepliaklqana
Kikubaaqudgha
Makhleb
Nemelex Xobeh
Okawaru
Qazlal
Ru
Sif Muna
Trog
Uskayaw
Vehumet
Wu Jian
Xom
Yredelemnul
Zin
The Shining One
Beogh

Shops:
D:9 *   Orc:2 [(:?[

Annotations:
Shoals:2 Polyphemus


Innate Abilities, Weirdness & Mutations

You regenerate health from kills.
When hurt, damage is shared between your health and your magic reserves.
You regenerate magic rapidly.
Your movements are less encumbered by armour. (ER -4)
You have a tail ending in a sharp stinger.
You have a pair of small antennae on your head.
You are very frail. (-20% HP)
Your magical capacity is low. (-10% MP)
You expend magic power (3 MP) to strengthen your wands.


Message History

Trog appreciates your killing of a magic user.
The merfolk throws a silver boomerang.
The silver boomerang hits you but does no damage.
The silver sears you!
* * * LOW HITPOINT WARNING * * *
Your water elemental hits Polyphemus.
Okay, then.
You feel much better.
The merfolk hits you from afar with a +0 trident!!
* * * LOW HITPOINT WARNING * * *
Aiming: Polymorph
Press: ? - help, Shift-Dir - straight line, f - merfolk
Aim: a merfolk, wielding a +0 trident and quivering silver boomerangs (water, moderately wounded, will become a manticore, a water nymph, or a swamp worm, chance to affect: 35%)
You feel a slight surge of power.
The merfolk easily resists.
The merfolk hits you but does no damage.
Your water elemental barely misses Polyphemus.
Polyphemus glares at you with his lone eye.
Aiming: Polymorph
Press: ? - help, Shift-Dir - straight line, f/p - merfolk
Aim: a merfolk, wielding a +0 trident and quivering silver boomerangs (water, moderately wounded, will become a manticore, a water nymph, or a swamp worm, chance to affect: 32%)
Okay, then.
Trog will no longer gift you weapons.
The merfolk hits you but does no damage.
Unknown command.
Okay, then.
As you read the scroll of summoning, it crumbles to dust.
Wisps of shadow whirl around you...
Your water elemental hits Polyphemus.
The merfolk throws a silver boomerang.
The silver boomerang hits you!
* * * LOW HITPOINT WARNING * * *
The silver sears you!
* * * LOW HITPOINT WARNING * * *
Unknown command.
You feel much better.
The merfolk hits you but does no damage.
Your water elemental hits Polyphemus.
Your merfolk javelineer throws a silver javelin.
The silver javelin closely misses the merfolk.
The silver javelin pierces through Polyphemus!
Polyphemus throws a large rock.
The large rock hits you!!
You die...

#######################
≈≈≈≈≈≈≈≈≈≈≈≈≈m≈≈t≈≈≈≈≈≈≈#
≈≈≈≈≈≈≈≈≈≈≈≈≈≈E≈@≈≈≈≈≈≈≈#
≈≈≈≈≈≈≈≈≈≈≈≈≈≈≈≈≈≈≈≈≈≈≈≈#
≈≈≈≈≈≈≈≈≈≈≈≈≈≈≈≈≈≈≈≈≈≈≈≈#
≈≈≈≈≈≈≈≈≈≈≈≈≈m≈≈≈≈≈≈≈≈≈≈#
≈≈≈≈≈≈≈≈≈≈≈≈EC≈≈≈≈≈≈≈≈≈≈#
≈≈≈≈≈≈≈≈≈≈≈≈≈≈≈≈≈≈≈≈≈≈≈≈#
≈≈≈≈≈≈≈≈≈≈≈≈≈≈≈≈≈≈≈≈≈≈≈≈#
≈≈≈≈≈≈≈≈≈≈≈≈≈≈≈≈≈≈≈≈≈≈≈≈#
≈≈≈≈≈YYY≈≈≈≈≈≈≈≈≈≈≈≈≈≈≈≈#


You could see Polyphemus (ally target), a merfolk (ally target), a friendly
merfolk javelineer (summoned), a friendly snapping turtle (summoned) and 2
friendly water elementals.

Vanquished Creatures
  Gastronok (D:12)
  A frost giant (IceCv)
  A ghoul (D:14)
  The ghost of Xetequo the Peltast, a journeyman MiFi of Trog (Lair:3)
  2 merfolk javelineers
  A fire dragon (D:13)
  Josephine (Lair:5)
  An ice dragon (Lair:5)
  A vault guard (D:13)
  3 boulder beetles
  Erolcha (D:12)
  An ogre mage (D:10)
  4 catoblepae
  2 merfolk avatars (Shoals:2)
  4 hydras
  A naga warrior (D:12)
  Erica (Orc:1)
  A merfolk aquamancer (Shoals:1)
  2 centaur warriors
  An alligator snapping turtle (Shoals:2)
  6 two-headed ogres
  A deep troll shaman (Lair:6)
  14 death yaks
  A tengu warrior (D:13)
  2 orc high priests (Orc:2)
  7 skeletal warriors
  4 sea snakes (Shoals:1)
  A lindwurm (shapeshifter) (D:11)
  A wizard (D:15)
  2 orc knights
  A necromancer (D:15)
  8 harpies (Shoals:1)
  4 orc sorcerers
  A wolf spider (D:15)
  7 cyclopes
  7 manticores
  A faun (Shoals:1)
  9 elephants
  9 ugly things
  7 merfolk sirens
  Maurice (D:10)
  3 black mambas
  2 naga magi (D:15)
  An ice statue (IceCv)
  2 torpor snails
  4 water nymphs
  18 cane toads
  4 rime drakes
  A kobold demonologist (D:10)
  8 komodo dragons
  A centaur skeleton (D:15)
  3 freezing wraiths
  A tengu conjurer (D:13)
  A guardian mummy (D:14)
  5 trolls
  11 merfolk
  9 polar bears
  3 wind drakes
  3 hornets
  5 slime creatures
  A wolf spider simulacrum (D:15)
  11 blink frogs
  5 dream sheep
  A meliai zombie (D:15)
  2 snapping turtles
  2 shadows
  59 yaks
  6 wraiths
  A vampire (D:13)
  7 water elementals
  5 wyverns
  7 basilisks
  Eustachio (D:4)
  A fire elemental (D:7)
  2 fire bats (D:7)
  A steam dragon (D:8)
  5 vampire mosquitoes
  Menkaure (D:7)
  2 wargs
  3 acid dragons
  7 water moccasins
  33 orc warriors
  3 ice beasts
  2 sky beasts (D:6)
  5 black bears
  9 ogres
  11 centaurs
  2 necrophages
  22 wolves
  2 phantoms
  4 kobold brigands
  7 bullfrogs
  A wyvern zombie (D:5)
  6 scorpions
  6 gnoll sergeants
  2 wyvern skeletons (D:6)
  14 killer bees
  A wight (D:10)
  An electric eel (Lair:2)
  A howler monkey (D:9)
  10 centaur zombies
  17 orc priests
  3 gnoll shamans
  3 hounds
  A hound (shapeshifter) (D:10)
  3 jellies
  3 bullfrog skeletons
  2 iguanas
  28 orc wizards
  A killer bee zombie (D:7)
  A centaur simulacrum (D:10)
  2 human simulacra (D:14)
  A howler monkey zombie (D:6)
  A mummy (D:14)
  2 howler monkey skeletons (D:6)
  16 gnolls
  5 adders
  7 river rats
  4 white imps
  5 worms
  A dart slug (D:3)
  72 orcs
  6 endoplasms
  5 giant cockroaches
  4 goblins
  3 hobgoblins
  4 jackals
  2 quokkas
  11 ball pythons
  8 bats
  5 frilled lizards
  17 kobolds
  16 rats
741 creatures vanquished.

Vanquished Creatures (collateral kills)
  Rupert (Orc:2)
  An orc warlord (Orc:2)
  A centaur warrior (D:14)
  A death yak (IceCv)
  3 ugly things (D:14)
  A black mamba (Lair:3)
  A water nymph (Shoals:1)
  An efreet (D:14)
  2 merfolk
  3 polar bears (IceCv)
  A slime creature (D:12)
  3 orc warriors (Orc:2)
  A wolf (IceCv)
  2 killer bees (D:6)
  4 orcs (Orc:2)
26 creatures vanquished.

Vanquished Creatures (others)
  3 killer bees
  An orc wizard (D:10)
  An orc (Orc:2)
  34 fungi
  101 plants
  A withered plant (D:14)
141 creatures vanquished.

Grand Total: 908 creatures vanquished

Notes
Turn   | Place    | Note
-------+----------+-------------------------------------------
     0 | D:1      | knot the Demonspawn Berserker began the quest for the Orb.
     0 | D:1      | Reached XP level 1. HP: 18/18 MP: 1/1
   178 | D:1      | Reached skill level 3 in Axes
   186 | D:1      | Gained mutation: You regenerate a little health from kills.
                  | [demonic ancestry]
   186 | D:1      | Reached XP level 2. HP: 4/24 MP: 2/2
   648 | D:1      | Found a faded altar of an unknown god.
  1151 | D:2      | Gained mutation: Your movements are slightly less
                  | encumbered by armour. (ER -2) [demonic ancestry]
  1151 | D:2      | Reached XP level 3. HP: 23/29 MP: 3/3
  1793 | D:2      | Reached skill level 4 in Axes
  2840 | D:3      | Found a glowing drain.
  2850 | D:3      | Reached XP level 4. HP: 32/35 MP: 4/4
  2856 | Sewer    | Entered a sewer
  2954 | Sewer    | Reached ** piety under Trog
  3121 | Sewer    | Reached skill level 5 in Axes
  3628 | Sewer    | Reached XP level 5. HP: 31/41 MP: 5/5
  4263 | D:3      | Found a shadowy altar of Dithmenos.
  4266 | D:3      | Found a bloodstained altar of Trog.
  4267 | D:3      | Found a basalt altar of Yredelemnul.
  4267 | D:3      | Found a radiant altar of Vehumet.
  4267 | D:3      | Found a burning altar of Makhleb.
  4269 | D:3      | Found a broken altar of Ashenzari.
  4270 | D:3      | Found a snail-covered altar of Cheibriados.
  4272 | D:3      | Found a sacrificial altar of Ru.
  4678 | D:4      | Reached skill level 6 in Axes
  4785 | D:4      | HP: 3/61 [gnoll (2)]
  4787 | D:4      | Gained mutation: You have a small tail. [demonic ancestry]
  4787 | D:4      | Reached XP level 6. HP: 4/47 MP: 6/6
  5681 | D:4      | Noticed Eustachio
  5735 | D:4      | Killed Eustachio
  5736 | D:4      | Reached skill level 1 in Throwing
  5855 | D:4      | Reached skill level 7 in Axes
  5855 | D:4      | Gained mutation: You regenerate health from kills. [demonic
                  | ancestry]
  5855 | D:4      | Reached XP level 7. HP: 27/52 MP: 7/7
  7043 | D:5      | Entered Level 5 of the Dungeon
  8077 | D:5      | Reached skill level 8 in Axes
  8077 | D:5      | Reached XP level 8. HP: 41/58 MP: 8/8
  9406 | D:6      | Reached skill level 5 in Throwing
 10073 | D:6      | Gained mutation: Your spells are a little harder to cast,
                  | but a little more powerful. [potion of mutation]
 10073 | D:6      | Gained mutation: You have a pair of small antennae on your
                  | head. [potion of mutation]
 10073 | D:6      | Gained mutation: You are dopey. (Int -2) [potion of
                  | mutation]
 10073 | D:6      | Gained mutation: You are strong-willed. (Will+) [potion of
                  | mutation]
 10619 | D:6      | Reached skill level 9 in Axes
 11418 | D:6      | Gained mutation: You regenerate magic rapidly. [demonic
                  | ancestry]
 11418 | D:6      | Reached XP level 9. HP: 61/63 MP: 9/9
 11968 | D:7      | Noticed Menkaure
 12092 | D:6      | Reached * piety under Trog
 12203 | D:7      | Killed Menkaure
 13089 | D:7      | Found a transporter.
 13146 | D:7      | Reached skill level 10 in Axes
 13305 | D:7      | Found a staircase to the Ecumenical Temple.
 13609 | D:7      | Found a transporter.
 13659 | D:7      | Identified the +0 pair of boots "Riemin" {+Inv rPois}
 14195 | Temple   | Entered the Ecumenical Temple
 14345 | D:8      | Found a hazy altar of Hepliaklqana.
 14345 | D:8      | Found an ancient bone altar of Kikubaaqudgha.
 14762 | D:8      | Reached XP level 10. HP: 57/70 MP: 10/10
 15034 | D:8      | Found a hide-covered altar of Uskayaw.
 15076 | D:8      | Reached skill level 11 in Axes
 15869 | D:9      | Found Taakeir's General Store.
 16511 | D:9      | Found a staircase to the Orcish Mines.
 17699 | D:10     | Entered Level 10 of the Dungeon
 17716 | D:10     | Identified the +0 pair of gloves of the Lost Path {rPois
                  | Dex+2 Slay+3}
 17858 | D:10     | Reached skill level 12 in Axes
 17858 | D:10     | Reached skill level 10 in Throwing
 18344 | D:10     | Gained mutation: When hurt, damage is shared between your
                  | health and your magic reserves. [demonic ancestry]
 18344 | D:10     | Reached XP level 11. HP: 24/75 MP: 11/11
 18604 | D:10     | Noticed a two-headed ogre
 18613 | D:10     | Killed a two-headed ogre
 18788 | D:10     | Noticed a soul eater
 18958 | D:10     | Noticed an orc knight
 18973 | D:10     | Killed an orc knight
 19122 | D:10     | Identified the +7 spear "Uhapass" {vorpal, Int+4}
 19157 | D:10     | Noticed Maurice
 19220 | D:10     | Killed Maurice
 19519 | D:10     | Noticed an ogre mage
 19527 | D:10     | Killed an ogre mage
 19715 | D:10     | Reached skill level 13 in Axes
 19804 | D:10     | Noticed a green ugly thing
 19808 | D:10     | Killed a green ugly thing
 19899 | D:10     | Noticed a two-headed ogre
 19909 | D:10     | Killed a two-headed ogre
 20736 | D:11     | Noticed a lindwurm
 20736 | D:11     | a komodo dragon changed into a lindwurm
 20742 | D:11     | Killed a lindwurm
 20894 | D:12     | Noticed Erolcha
 20905 | D:12     | Killed Erolcha
 21101 | D:11     | Found a staircase to the Lair.
 21103 | D:11     | Noticed a boulder beetle
 21109 | D:11     | Gained mutation: Your movements are less encumbered by
                  | armour. (ER -4) [demonic ancestry]
 21109 | D:11     | Reached XP level 12. HP: 81/81 MP: 10/12
 21112 | D:11     | Reached *** piety under Trog
 21134 | D:11     | Killed a boulder beetle
 21603 | D:11     | Reached skill level 14 in Axes
 22158 | D:12     | Found an iron altar of Okawaru.
 22818 | D:12     | Noticed a two-headed ogre
 22824 | D:12     | Killed a two-headed ogre
 22924 | D:12     | Noticed a two-headed ogre
 22925 | D:12     | Found a large runed translucent door.
 23006 | D:12     | Found a large runed translucent door.
 23021 | D:12     | Noticed a centaur warrior
 23036 | D:12     | Noticed a naga warrior
 23082 | D:12     | Noticed Gastronok
 23091 | D:12     | Killed Gastronok
 23111 | D:12     | Noticed a boulder beetle
 23128 | D:12     | Killed a boulder beetle
 23473 | Lair:1   | Entered Level 1 of the Lair of Beasts
 23668 | Lair:1   | Noticed a death yak
 23668 | Lair:1   | Noticed a death yak
 23669 | Lair:1   | Noticed a death yak
 23684 | Lair:1   | Killed a death yak
 23688 | Lair:1   | Killed a death yak
 23691 | Lair:1   | Killed a death yak
 23696 | Lair:1   | Reached skill level 15 in Axes
 23699 | Lair:1   | Found a frozen archway.
 23741 | IceCv    | Entered an ice cave
 23758 | IceCv    | Reached **** piety under Trog
 23919 | IceCv    | Reached XP level 13. HP: 79/86 MP: 11/13
 23983 | IceCv    | Identified the +2 ring mail of Peek-a-Boo {+Inv rCorr Str-4
                  | SInv}
 24209 | IceCv    | Noticed a frost giant
 24229 | IceCv    | Killed a frost giant
 24260 | IceCv    | Got the Reference Book on Snow
 24263 | IceCv    | Identified the ring of the Prince of Darkness {Fly Stlth+}
 26123 | Lair:2   | Reached skill level 16 in Axes
 27323 | Lair:3   | Found a staircase to the Shoals.
 27324 | Lair:3   | Reached skill level 15 in Throwing
 27758 | Lair:3   | Found a hole to the Spider Nest.
 28095 | Lair:3   | Found a runed translucent door.
 28096 | Lair:3   | Noticed Xetequo's ghost (journeyman MiFi)
 28165 | Lair:3   | Reached ***** piety under Trog
 28601 | Lair:3   | Killed Xetequo's ghost
 28602 | Lair:3   | Reached XP level 14. HP: 83/93 MP: 14/14
 29465 | Lair:4   | You are sucked into a shaft and drop 1 floor!
 29876 | Lair:5   | Reached skill level 17 in Axes
 31063 | Lair:5   | Noticed Josephine
 31077 | Lair:5   | Killed Josephine
 31760 | Lair:5   | Identified a scroll of acquirement
 31760 | Lair:5   | Acquired a manual of Armour
 31886 | Lair:5   | Identified the +6 mace of the Ageless Dreams {vorpal, rF+
                  | rC- Str+2 Int+2}
 31934 | Lair:5   | Found a staircase to the Slime Pits.
 32185 | Lair:6   | Entered Level 6 of the Lair of Beasts
 32526 | Lair:6   | Reached skill level 5 in Armour
 34062 | Orc:1    | Entered Level 1 of the Orcish Mines
 34238 | Orc:1    | Noticed Erica
 34253 | Orc:1    | Killed Erica
 34445 | Orc:2    | Entered Level 2 of the Orcish Mines
 34474 | Orc:2    | Found a staircase to the Elven Halls.
 34561 | Orc:2    | Noticed Rupert
 34576 | Orc:2    | Killed Rupert
 34577 | Orc:2    | Reached skill level 18 in Axes
 34577 | Orc:2    | Gained mutation: You have a tail ending in a sharp stinger.
                  | [demonic ancestry]
 34577 | Orc:2    | Reached XP level 15. HP: 92/98 MP: 8/15
 34663 | Orc:2    | Noticed an orc warlord
 34682 | Orc:2    | Killed an orc warlord
 34986 | Orc:2    | Reached ****** piety under Trog
 35013 | Orc:2    | Found Neagukk's Antique Armour Emporium.
 35016 | Orc:2    | Found Xeqiujeroz's Antique Weapon Shoppe.
 35102 | Orc:2    | Found Ammy's Book Shoppe.
 35336 | Orc:2    | Found Goffiqu's Armour Shoppe.
 35543 | Orc:2    | Found Inaonas's Magic Scroll Emporium.
 35550 | Orc:2    | Gained mutation: You are frail. (-10% HP) [a neqoxec]
 35594 | Orc:2    | Lost mutation: You have a pair of small antennae on your
                  | head. [potion of mutation]
 35594 | Orc:2    | Lost mutation: You are dopey. (Int -2) [potion of mutation]
 35594 | Orc:2    | Gained mutation: You are very frail. (-20% HP) [potion of
                  | mutation]
 35594 | Orc:2    | Gained mutation: Your body sometimes deteriorates upon
                  | taking damage. [potion of mutation]
 35594 | Orc:2    | Gained mutation: You have a pair of small antennae on your
                  | head. [potion of mutation]
 35595 | Orc:2    | Lost mutation: Your body sometimes deteriorates upon taking
                  | damage. [potion of mutation]
 35595 | Orc:2    | Lost mutation: You are strong-willed. (Will+) [potion of
                  | mutation]
 35595 | Orc:2    | Gained mutation: You expend magic power (3 MP) to
                  | strengthen your wands. [potion of mutation]
 35595 | Orc:2    | Lost mutation: Your spells are a little harder to cast, but
                  | a little more powerful. [potion of mutation]
 35595 | Orc:2    | Gained mutation: Your magical capacity is low. (-10% MP)
                  | [potion of mutation]
 36261 | Shoals:1 | Entered Level 1 of the Shoals
 36270 | Shoals:1 | Reached skill level 10 in Armour
 36451 | Shoals:1 | Received a gift from Trog
 37521 | Shoals:1 | HP: 5/117 [merfolk (12)]
 41248 | D:13     | Found a gate to the Vaults.
 41338 | D:13     | Found a gate to the Vaults.
 41510 | D:13     | Reached skill level 19 in Axes
 43191 | D:14     | You are sucked into a shaft and drop 1 floor!
 43191 | D:15     | Entered Level 15 of the Dungeon
 43196 | D:15     | Received a gift from Trog
 43743 | D:14     | Reached XP level 16. HP: 83/83 MP: 14/14
 44693 | D:15     | Found a staircase to the Depths.
 44986 | D:12     | Found an iron altar of Okawaru.
 44986 | D:12     | Found an iron altar of Okawaru.
 45780 | Shoals:2 | Noticed Polyphemus
 45813 | Shoals:2 | Hit by a large rock thrown by Polyphemus

Illustrated notes

Levels and vault maps discovered:
D:1:      minmay_arrival_nine_rooms, layout_rooms, basic_ecumenical_altar
D:2:      layout_basic
D:3:      layout_loops_ring, minitemple, portal_sewer_entry_b,
          lemuel_old_faithful
D:4:      layout_basic, uniq_eustachio
D:5:      layout_layer_cave, minivault_24
D:6:      minmay_chambers_of_threes, layout_basic
D:7:      gammafunk_cloud_chamber, layout_loops_cross, lemuel_temple_firewalk_b,
          uniq_menkaure
D:8:      minmay_flawed_box, layout_basic, lemuel_coloured_pillars_altar,
          grunt_temple_overflow_open, serial_aquarium,
          aquarium_bridge_island_small [aquarium_subvault_small_water,
          aquarium_subvault_balcony, aquarium_subvault_balcony,
          aquarium_subvault_bridge, aquarium_subvault_wall],
          aquarium_window_fake, aquarium_window_fake, aquarium_window_fake,
          aquarium_view_2c, aquarium_view_2g, aquarium_pool_double
D:9:      minmay_general_purpose_star, layout_loops_ring,
          kennysheep_orc_monster_closet_entryway, serial_shops,
          nicolae_shop_crystal, minmay_misc_feat_nine_boxes,
          hangedman_decor_points
D:10:     minmay_the_grid_net [minmay_the_grid_outer_diamond,
          minmay_the_grid_minigrid_medium, minmay_the_grid_spikes,
          minmay_the_grid_slots, minmay_the_grid_small_cups,
          minmay_the_grid_prize_inner_circle], layout_stronghold, uniq_maurice
D:11:     layout_roguey, david_lair_generic
D:12:     okawaru_arena_lexackson, layout_gridville, okawaru_ov_weapons_minmay,
          uniq_gastronok, uniq_erolcha
D:13:     layout_rooms, david_vaults_5, minmay_misc_feat_five
D:14:     layout_irregular_city, minmay_misc_feat_roman, serial_undead,
          serial_undead_b, serial_undead_e, serial_undead_c, serial_undead_f,
          bh_circular_ruins
D:15:     grunt_enter_depths_magical_seal, layout_long_grid
Temple:   zaba_magenta_temple
Lair:1:   layout_small_grid, portal_ice_cave_rime
Lair:2:   layout_regular_city, chequers_serial_rivers_micro_b,
          nicolae_lair_grazing_beasts [nicolae_sub_lair_graze_edge,
          nicolae_sub_lair_graze_edge, nicolae_sub_lair_graze_edge,
          nicolae_sub_lair_graze_edge], lemuel_fruit_tree, wad_woods_river_01,
          infiniplex_staircase_pool_2
Lair:3:   layout_cave_pods, elwin_shoals_entry_stream,
          nicolae_spider_entry_non_spiders, ebering_ghost_inner_flame,
          chequers_serial_rivers_large_b
Lair:4:   layout_hall_layers, grunt_megastairs_5
Lair:5:   layout_gridlike, minmay_slime_entry_oklob_open,
          bobbens_ice_dragon_lair, uniq_josephine
Lair:6:   grunt_lair_end_beastmaster, layout_loops_ring,
          chequers_serial_rivers_large_a, serial_bayou_shore_b,
          grunt_megastairs_4
Shoals:1: layout_shoals
Shoals:2: layout_shoals, serial_shops, nicolae_shop_bloodbath_and_beyond,
          uniq_polyphemus
Orc:1:    layout_caves, uniq_erica
Orc:2:    grunt_orc_community_town_hall, layout_caves,
          grunt_orc_community_big_house_1, grunt_orc_community_big_house_1,
          grunt_orc_community_house_1, grunt_orc_community_house_3,
          grunt_orc_community_house_2, grunt_orc_community_house_3,
          grunt_orc_community_house_1, grunt_orc_community_house_3,
          serial_shops, nicolae_shop_crystal, mines1_david, uniq_rupert

Skill      XL: |  1  2  3  4  5  6  7  8  9 10 11 12 13 14 15 16 |
---------------+-------------------------------------------------+-----
Axes           | 3 4 5 6 7 8 9 10 12 13 15 16 18 19 | 19.8
Throwing       | 1 4 6 8 10 12 13 15 | 15.9
Armour         | 8 13 14 | 14.3
Fighting       | |  3.0
Dodging        | |  1.7

Action                   |  1- 3 |  4- 6 |  7- 9 | 10-12 | 13-15 | 16-18 || total
-------------------------+-------+-------+-------+-------+-------+-------++-------
Melee: Hand axe          |   133 |   175 |   336 |   154 |     4 |       ||   802
       Punch             |     1 |     4 |     4 |     4 |       |       ||    13
       Tailslap          |       |     9 |    47 |   118 |   188 |    30 ||   392
       War axe           |       |       |       |   116 |       |       ||   116
       Spear             |       |       |       |   104 |       |       ||   104
       Battleaxe         |       |       |       |   228 |  1001 |   146 ||  1375
Throw: Boomerang         |       |     2 |     7 |       |    98 |    90 ||   197
       Dart              |       |     2 |       |    49 |    22 |       ||    73
       Throwing net      |       |       |       |     1 |       |       ||     1
       Javelin           |       |       |       |       |     2 |       ||     2
Invok: Berserk           |     3 |     8 |    26 |    19 |    26 |     4 ||    86
       Trog's Hand       |       |     2 |       |       |       |       ||     2
       Brothers in Arms  |       |       |       |       |     6 |     5 ||    11
Evoke: Wand              |       |       |     6 |    10 |     3 |     1 ||    20
       Condenser vane    |       |       |       |       |     1 |       ||     1
  Use: Scroll            |       |       |    15 |     7 |     8 |     3 ||    33
       Potion            |       |       |    10 |     2 |     5 |     4 ||    21
 Stab: Sleeping          |       |     5 |       |       |       |       ||     5
       Invisible         |       |       |       |    14 |       |       ||    14
       Distracted        |       |       |       |       |     1 |     1 ||     2
       Petrified         |       |       |       |       |     1 |     2 ||     3
       Petrifying        |       |       |       |       |     1 |       ||     1
Armor: Animal skin       |    24 |    19 |       |       |       |       ||    43
       Ring mail         |       |       |    64 |       |       |       ||    64
       Leather armour    |       |       |    51 |    40 |       |       ||    91
       Crystal plate arm |       |       |    11 |   248 |   542 |   101 ||   902
       Ice dragon scales |       |       |       |     7 |    42 |       ||    49
Dodge: Dodged            |   106 |    94 |   183 |   211 |   322 |    34 ||   950

Table legend: (Time is in decaauts)
 A = Elapsed time spent in this place.
 B = Non-inter-level travel time spent in this place.
 C = Inter-level travel time spent in this place.
 D = Time resting spent in this place.
 E = Time spent auto-exploring this place.
 F = Levels seen in this place.
 G = Mean time per level.
                   A        B        C        D        E       F      G
               +--------+--------+--------+--------+--------+-----+--------+
         Total |  46359 |  43256 |   3103 |  17710 |  20152 |  28 | 1655.7 |
       Dungeon |  28184 |  26122 |   2062 |  10771 |  12373 |  15 | 1878.9 |
        Temple |     73 |     55 |     18 |      0 |     50 |   1 |   73.0 |
          Lair |  10379 |   9568 |    811 |   3821 |   4712 |   6 | 1729.8 |
        Shoals |   3712 |   3600 |    112 |   1875 |   1317 |   2 | 1856.0 |
  Orcish Mines |   2050 |   1951 |     99 |    443 |   1058 |   2 | 1025.0 |
         Sewer |   1067 |   1067 |      0 |    559 |    289 |   1 | 1067.0 |
      Ice Cave |    892 |    892 |      0 |    239 |    351 |   1 |  892.0 |
               +--------+--------+--------+--------+--------+-----+--------+

Top non-repeatable levels by time:
Shoals:1: 3292 daAuts
    D:10: 2989 daAuts
     D:6: 2810 daAuts
     D:5: 2670 daAuts
     D:4: 2666 daAuts
     D:9: 2462 daAuts
  Lair:4: 2222 daAuts
    D:13: 2155 daAuts
  Lair:3: 2108 daAuts
     D:7: 1873 daAuts
    D:12: 1826 daAuts
     D:2: 1790 daAuts
  Lair:6: 1738 daAuts
    D:11: 1680 daAuts
  Lair:1: 1646 daAuts
